 Dungeon Crawl Stone Soup version 0.29.1-15-g9cfb28693d (webtiles) character file.

Game seed: 9980060814367298196

173 zeram the Chopper (level 5, -2/47 HPs)
             Began as a Hill Orc Fighter on Mar 18, 2023.
             Slain by Crazy Yiuf
             ... wielding a +2 quarterstaff of chaos
              (13 damage)
             ... on level 3 of the Dungeon.
             The game lasted 00:02:00 (2394 turns).

zeram the Chopper (Hill Orc Fighter)                Turns: 2394, Time: 00:02:01

Health: -2/47      AC: 13    Str: 21    XL:     5   Next: 53%
Magic:  5/5        EV:  6    Int:  8    God:
Gold:   186        SH:  4    Dex: 10    Spells: 4/4 levels left

rFire   . . .      SeeInvis .   a - +0 war axe
rCold   . . .      Faith    .   c - +0 buckler
rNeg    . . .      Spirit   .   i - +0 plate armour
rPois   .          Reflect  .   f - +0 helmet
rElec   .          Harm     .   (no cloak)
rCorr   .          Rampage  .   (no gloves)
Will    .....                   (no boots)
Stlth   ..........              (no amulet)
HPRegen 0.15/turn               (no ring)
MPRegen 0.09/turn               (no ring)

@: mighty
A: no striking features
a: no special abilities


You were on level 3 of the Dungeon.
You visited 1 branch of the dungeon, and saw 3 of its levels.

You collected 186 gold pieces.

Inventory:

Hand Weapons
 a - a +0 war axe (weapon)
Armour
 b - a +0 scale mail
 c - a +0 buckler (worn)
 f - a +0 helmet (worn)
 i - a +0 plate armour (worn)
Jewellery
 k - an amulet of magic regeneration
Scrolls
 j - a scroll of immolation {unknown}
 m - a scroll of enchant armour {unknown}
 n - a scroll of acquirement {unknown}
Potions
 e - 5 potions of curing
 g - a potion of haste {unknown}
 h - a potion of heal wounds {unknown}
 l - a potion of resistance {unknown}


   Skills:
 + Level 4.5 Fighting
 + Level 5.1 Axes
 + Level 4.3 Armour
 + Level 0.3 Dodging
 + Level 3.8 Shields


You had 4 spell levels left.
You didn't know any spells.
Your spell library was empty.

Dungeon Overview and Level Annotations

Branches:
Dungeon (3/15)

Altars:
Fedhas
Wu Jian

Annotations:
D:3 Crazy Yiuf


Message History

There is an open door here.
A rat is nearby!
A rat is nearby!
A rat is nearby!
You see here 6 stones.
You slash the rat!
You kill the rat!
No target in view!
No target in view!
There is an open door here.
You open the door.
There is an open door here.
You now have 186 gold pieces (gained 16).
There is an open door, spattered with blood here.
You see here a +0 mace.
Crazy Yiuf shouts!
Could not explore, unopened runed door.
Could not explore, unopened runed door.
Could not explore, unopened runed door.
Could not explore, unopened runed door.
No reachable target in view!
No reachable target in view!
No reachable target in view!
You feel very mighty all of a sudden. As you open the door, it creaks loudly!
You closely miss Crazy Yiuf.
Crazy Yiuf says, "Action wrapper shoe!"
Crazy Yiuf drinks a potion.
Crazy Yiuf seems to grow stronger.
Crazy Yiuf hits you with a +2 quarterstaff of chaos!
Crazy Yiuf freezes you.
You hit Crazy Yiuf.
Crazy Yiuf is moderately wounded.
Crazy Yiuf hits you with a +2 quarterstaff of chaos!
Crazy Yiuf burns you.
You slash Crazy Yiuf!
Crazy Yiuf is severely wounded.
Crazy Yiuf hits you with a +2 quarterstaff of chaos!
* * * LOW HITPOINT WARNING * * *
You are electrocuted!
You die...

#....###.###....... ##..##
####...##..# ♣....♣
##....###.. ♣♣...♣ #..#.##
### ♣♣.♣♣ ##)##.# ♣♣.♣
#..##.###### ♣.♣♣
#.###....... ♣♣.♣
#.###....... ♣@♣♣
#.##........ #g#
#.##.#...... ...
#.##.#.^.... #...#
#.##.#...... #)..#
#.##.##..### #####
#.##.#..## ###....## ####
##.....##
#############..######.....##


You could see Crazy Yiuf (strong).

Vanquished Creatures
  A necrophage (D:3)
  An iguana (D:3)
  Natasha (D:2)
  2 adders (D:3)
  A dart slug (D:1)
  2 bats
  5 endoplasms
  2 giant cockroaches (D:1)
  3 goblins (D:1)
  4 hobgoblins
  3 quokkas (D:1)
  8 ball pythons
  2 frilled lizards
  4 kobolds
  3 rats
42 creatures vanquished.

Vanquished Creatures (others)
  6 toadstools (D:1)
6 creatures vanquished.

Grand Total: 48 creatures vanquished

Notes
Turn   | Place    | Note
-------+----------+-------------------------------------------
     0 | D:1      | zeram the Hill Orc Fighter began the quest for the Orb.
     0 | D:1      | Reached XP level 1. HP: 19/19 MP: 1/1
   287 | D:1      | Reached XP level 2. HP: 27/27 MP: 2/2
   631 | D:1      | Reached skill level 3 in Axes
   631 | D:1      | Reached XP level 3. HP: 30/33 MP: 3/3
  1254 | D:2      | Noticed Natasha
  1262 | D:2      | Killed Natasha
  1476 | D:3      | Noticed a necrophage
  1486 | D:3      | Killed a necrophage
  1487 | D:3      | Reached skill level 4 in Axes
  1487 | D:3      | Reached XP level 4. HP: 38/41 MP: 4/4
  1487 | D:3      | Reached XP level 5. HP: 43/47 MP: 5/5
  1518 | D:3      | Found an ornate altar of the Wu Jian Council.
  1543 | D:3      | Found a runed translucent door.
  1544 | D:3      | Noticed Crazy Yiuf
  1851 | D:3      | Found a blossoming altar of Fedhas.
  1863 | D:3      | Reached skill level 5 in Axes
  2394 | D:3      | Slain by Crazy Yiuf

Illustrated notes

Levels and vault maps discovered:
D:1:      psy_arrival_dodecagon, layout_rooms, serial_rivers,
          chequers_serial_rivers_room_b, chequers_serial_rivers_marsh,
          chequers_serial_rivers_small_b, chequers_serial_rivers_micro_d,
          chequers_serial_rivers_large_a, minmay_gold_behind_fungi,
          dk_noncrumbling_4, st_stairs_3
D:2:      layout_basic, nicolae_ecumenical_oubliette, minmay_tripent,
          uniq_robin, uniq_natasha, uniq_terence
D:3:      layout_rooms, mainiacjoe_overflow_alcove_1, fedhas_altar_1,
          minivault_11, minmay_shallow_snake_nest, uniq_crazy_yiuf_cottage

Skill      XL: |  1  2  3  4  5 |
---------------+----------------+-----
Fighting       | 4 |  4.5
Axes           | 3 4 5 |  5.1
Armour         | 4 |  4.3
Dodging        | |  0.3
Shields        | |  3.8

Action                   |  1- 3 |  4- 6 || total
-------------------------+-------+-------++-------
Melee: War axe           |    74 |    51 ||   125
  Use: Scroll            |     2 |       ||     2
       Potion            |       |     1 ||     1
Armor: Scale mail        |    12 |       ||    12
       Plate armour      |    35 |    52 ||    87
Dodge: Dodged            |    22 |    11 ||    33
Block: Buckler           |    12 |    19 ||    31
